Map: Dusk Towers

Players

LiquidMaNa (MaNa) - Winner!

  • Race: Protoss Protoss
  • League: Grandmaster

БольшойБОСС

  • Race: Terran Terran
  • League: Grandmaster

VOD

Have the link to the VOD?

Description

Time

  • Played on: Dec. 30, 2015, 1:44 p.m.
  • Length: 6:55
Show
View Real Time Build Order
Export as new Build Order

LiquidMaNa Protoss - Winner!

Build Orders: 1 Gate Expand, Oracle Opening 

Get SALT Encoding   

  12  0:00  Probe (Chrono Boost)  
  13  0:11  Probe (Chrono Boost)  
  14  0:16  Pylon  
  14  0:22  Probe (Chrono Boost)  
  15  0:35  Probe (Chrono Boost)  
  16  0:36  Gateway  
  16  0:45  Probe (Chrono Boost)  
  17  1:07  Nexus  
  17  1:10  Probe (Chrono Boost)  
  18  1:16  Assimilator  
  18  1:22  Probe (Chrono Boost)  
  19  1:28  Cybernetics Core  
  20  1:33  Probe (Chrono Boost)  
  20  1:39  Assimilator  
  20  1:43  Probe (Chrono Boost)  
  21  1:54  Probe (Chrono Boost)  
  22  1:55  Pylon  
  22  2:04  Probe (Chrono Boost)  
  22  2:07  Warp Gate  
  23  2:13  Adept  
  23  2:15  Probe (Chrono Boost)  
  26  2:19  Probe (Chrono Boost)  
  27  2:25  Probe (Chrono Boost)  
  27  2:29  Probe (Chrono Boost)  
  29  2:36  Probe (Chrono Boost)  
  29  2:40  Probe (Chrono Boost), Adept  
  29  2:43  Stargate  
  32  2:46  Probe (Chrono Boost)  
  32  2:50  Probe (Chrono Boost)  
  34  2:56  Assimilator  
  34  2:57  Probe (Chrono Boost)  
  35  3:01  Probe (Chrono Boost)  
  36  3:07  Probe (Chrono Boost)  
  36  3:12  Probe (Chrono Boost), Adept  
  40  3:15  Pylon  
  40  3:18  Probe (Chrono Boost)  
  41  3:21  Probe (Chrono Boost)  
  41  3:26  Oracle (Chrono Boost)  
  45  3:29  Pylon  
  45  3:30  Probe  
  45  3:32  Probe  
  47  3:39  Stargate  
  47  3:42  Probe  
  47  3:45  Mothership Core  
  47  3:48  Assimilator  
  50  3:53  Probe  
  51  4:03  Oracle (Chrono Boost)  
  51  4:05  Probe  
  51  4:06  Probe  
  51  4:07  Pylon  
  56  4:16  Probe  
  56  4:18  Probe  
  56  4:20  Nexus  
  56  4:23  Oracle (Chrono Boost)  
  61  4:28  Probe  
  61  4:31  Probe  
  63  4:36  Oracle (Chrono Boost)  
  66  4:40  Probe  
  66  4:43  Probe  
  69  4:52  Probe  
  69  4:55  Probe  
  68  5:00  Oracle (Chrono Boost)  
  68  5:05  Probe  
  69  5:07  Probe  
  70  5:15  Pylon  
  70  5:24  Pylon  
  70  5:26  Pylon  
  70  5:30  Probe  
  70  5:32  Oracle (Chrono Boost)  
  70  5:33  Probe  
  70  5:34  Probe  
  75  5:42  Probe  
  73  5:44  Probe  
  73  5:47  Probe  
  73  5:49  Phoenix (Chrono Boost)  
  77  5:54  Probe  
  77  5:55  Adept  
  79  5:57  Gateway  
  79  5:58  Gateway  
  79  6:10  Phoenix (Chrono Boost)  
  79  6:11  Probe, Phoenix (Chrono Boost)  
  80  6:29  Adept  
  80  6:32  Phoenix (Chrono Boost)  
  81  6:33  Phoenix (Chrono Boost)  
  81  6:35  Probe  
  81  6:38  Probe  
Show
View Real Time Build Order
Export as new Build Order

БольшойБОСС Terran 

Build Orders: Liberator Opening 

Get SALT Encoding   

  12  0:01  SCV  
  13  0:13  SCV  
  14  0:17  Supply Depot  
  14  0:25  SCV  
  15  0:39  SCV  
  15  0:41  Barracks  
  16  0:45  Refinery  
  16  0:51  SCV  
  17  1:03  SCV  
  18  1:15  SCV  
  19  1:27  Orbital Command  
  19  1:29  Barracks Reactor  
  19  1:41  Command Center  
  19  1:54  SCV, Supply Depot  
  20  2:06  SCV, Marine x2  
  23  2:18  SCV  
  23  2:19  Factory  
  24  2:23  Marine  
  24  2:24  Marine  
  26  2:31  SCV  
  26  2:32  Refinery  
  27  2:41  Marine x2  
  27  2:43  SCV  
  30  2:54  Orbital Command  
  30  2:55  SCV  
  31  3:00  Marine x2  
  31  3:02  Widow Mine  
  31  3:03  Starport  
  35  3:07  SCV  
  36  3:16  Supply Depot  
  36  3:18  Marine x2  
  38  3:20  SCV  
  38  3:21  SCV  
  40  3:32  Factory Tech Lab, SCV  
  41  3:36  SCV  
  41  3:39  Medivac  
  44  3:42  Marine x2  
  44  3:44  SCV  
  44  3:48  SCV  
  48  3:52  Supply Depot, Cyclone  
  51  3:56  SCV  
  51  3:59  Liberator  
  51  4:00  SCV  
  53  4:08  SCV  
  54  4:10  Barracks  
  54  4:12  Barracks  
  54  4:13  Marine x2  
  54  4:14  SCV  
  60  4:20  SCV  
  60  4:22  Supply Depot  
  61  4:24  Supply Depot  
  61  4:31  SCV  
  62  4:39  Command Center  
  62  4:45  Refinery  
  62  4:46  Marine x2  
  62  4:47  SCV  
  62  4:51  Siege Tank  
  68  4:53  SCV  
  68  4:59  SCV  
  70  5:05  SCV  
  70  5:08  Barracks Tech Lab, Marine x2  
  70  5:09  Barracks Tech Lab  
  70  5:12  SCV, Engineering Bay  
  73  5:17  SCV  
  73  5:19  Refinery  
  73  5:20  Starport Reactor  
  74  5:24  SCV  
  74  5:26  Siege Tank  
  78  5:32  Supply Depot  
  78  5:34  Supply Depot  
  78  5:36  SCV x2  
  78  5:40  Marine  
  78  5:41  Liberator  
  69  5:42  Marine  
  69  5:48  SCV  
  69  5:49  SCV  
  68  5:51  Marine x2  
  57  6:00  SCV, Marine  
  57  6:01  SCV  
  57  6:02  Marine  
  60  6:09  Marine  
  46  6:12  Marine  
  46  6:13  SCV x2  
  47  6:18  Marine  
  47  6:20  Marine  
  47  6:25  SCV  
  47  6:26  Marine  
  47  6:28  SCV  
  47  6:32  Marine  
  49  6:36  Marine  
Tags
 
Add a new tag
Caveats
  • Supply blocks, unpowered buildings, or Contaminate may cause inaccurate times.
  • Supply counts are checked every 10 seconds.